 Dungeon Crawl Stone Soup version 0.23-a0-558-g30802b1 (webtiles) character file.

684 Amnesiac the Slicer (level 7, -3/35 HPs)
             Began as a Spriggan Berserker on Dec 12, 2018.
             Was a Priest of Trog.
             Slain by an orc
             ... wielding a +0 war axe
              (11 damage)
             ... on level 3 of the Dungeon.
             The game lasted 00:05:53 (3822 turns).

Amnesiac the Slicer (Spriggan Berserker)            Turns: 3822, Time: 00:05:54

Health: -3/35      AC:  4    Str: 15    XL:     7   Next: 35%
Magic:  8/8        EV: 20    Int:  8    God:    Trog [***...]
Gold:   171        SH:  4    Dex: 16    Spells: 6/6 levels left

rFire    . . .     SeeInvis +   a - +0 short sword
rCold    . . .     Gourm    .   (shield restricted)
rNeg     + . .     Faith    .   b - +0 animal skin
rPois    .         Spirit   .   (helmet restricted)
rElec    .         Reflect  +   o - +1 cloak
rCorr    .         Harm     .   (gloves unavailable)
MR       +....                  (boots unavailable)
Stlth    ++++......             n - +4 amulet of reflection
HPRegen  0.11/turn              l - ring of positive energy
MPRegen  0.11/turn              (no ring)

@: very quick
A: very small, unfitting armour, see invisible, herbivore, speed 3, slow
metabolism 2
a: Berserk, Trog's Hand, Renounce Religion


You were on level 3 of the Dungeon.
You worshipped Trog.
Trog was most pleased with you.
You were not hungry.

You visited 1 branch of the dungeon, and saw 4 of its levels.

You collected 171 gold pieces.

Inventory:

Hand Weapons
 a - a +0 short sword (weapon)
Missiles
 m - 10 tomahawks (quivered)
 q - a throwing net
Armour
 b - a +0 animal skin (worn)
 o - a +1 cloak (worn)
Jewellery
 l - a ring of positive energy (left hand)
 n - a +4 amulet of reflection (around neck)
Scrolls
 i - a scroll of magic mapping {!r, unknown}
 j - 4 scrolls of teleportation {!r}
 r - a scroll of remove curse {!r, unknown}
Potions
 e - a potion of heal wounds {!q}
 f - a potion of invisibility {!q, unknown}
 g - 2 potions of flight {!q, unknown}
 h - a potion of curing {!q, unknown}
 k - a potion of magic {!q, unknown}
 p - a potion of brilliance {!q}
Comestibles
 c - 4 rations


   Skills:
 - Level 2.4 Fighting
 - Level 8.0 Short Blades
 - Level 4.4 Dodging
 + Level 7.0 Stealth


You had 6 spell levels left.
You didn't know any spells.
Your spell library was empty.

Dungeon Overview and Level Annotations

Branches:
Dungeon (4/15)
 Temple: D:4-7

Altars:
Qazlal

Shops:
D:4 *


Innate Abilities, Weirdness & Mutations

You are very small and have problems with some larger weapons.
You are too small for most types of armour.
You have supernaturally acute eyesight. (SInv)
You are a herbivore.
You cover ground extremely quickly.
You need to consume almost no food.


Message History

The jackal misses you. The orc misses you. The orc hits you with a +0 war axe.
The bullfrog skeleton hits you.
The orc wizard mumbles some strange words.
The orc wizard seems to speed up.
You hit the bullfrog skeleton but do no damage.
The bullfrog skeleton is heavily damaged.
You block the jackal's attack. The orc wizard casts a spell at you.
The magic dart hits you! The bullfrog skeleton misses you.
You hit the bullfrog skeleton.
The bullfrog skeleton is severely damaged.
The orc closely misses you. x2; The jackal closely misses you.
You hit the bullfrog skeleton.
The bullfrog skeleton is almost destroyed.
The bullfrog skeleton hits you. The orc misses you.
The orc wizard points at you and mumbles some strange words.
You resist with almost no effort. The jackal completely misses you.
You hit the bullfrog skeleton.
You destroy the bullfrog skeleton!
Trog accepts your kill.
Training target 8.0 for Short Blades reached!
Your Short Blades skill increases to level 8!
Your Stealth skill increases to level 7!
The orc closely misses you. The orc wizard casts a spell at you.
The magic dart hits you!
* * * LOW HITPOINT WARNING * * *
The orc hits you but does no damage. You block the jackal's attack.
The orc wizard gestures wildly while chanting.
The orc wizard blinks!
The jackal completely misses you. The orc closely misses you.
The orc misses you.
You climb upwards.
There is a stone staircase leading down, spattered with blood here.
You barely miss the orc. You hit the orc but do no damage.
The orc completely misses you. The orc hits you but does no damage.
You barely miss the orc. You block the orc's attack. The orc misses you.
You completely miss the orc. You hit the orc.
The orc is severely wounded.
The orc hits you with a +0 dagger.
* * * LOW HITPOINT WARNING * * *
The orc completely misses you.
You hit the orc.
The orc is almost dead.
The orc hits you but does no damage.
You closely miss the orc.
The orc is almost dead.
The orc misses you.
You closely miss the orc.
The orc is almost dead.
The orc closely misses you. The orc misses you.
You barely miss the orc.
The orc is almost dead.
The orc closely misses you.
You hit the orc but do no damage.
The orc is almost dead.
The orc closely misses you. The orc hits you but does no damage.
You barely miss the orc.
The orc is almost dead.
You hit the orc but do no damage.
The orc is almost dead.
The orc misses you. The orc hits you with a +0 war axe!
You die...

#..# #.#.### ##.## #.#.#
#..# #.#.# ##.# #.#.#
### #.# #.#.#
..###.##### #.#.#
..#.......# #.#.#
..#(......#########.#.##
.....).........o@oh....#
###.......#########.####
#####.### #....# #.##
#.#### #..# #.# ##.#
#####.# #.# #.....#
#.###.##### #..##.#


You could see 2 orcs and a jackal.

Vanquished Creatures
  Grinder (D:3)
  A phantom (D:3)
  2 hounds (D:3)
  Crazy Yiuf (D:2)
  A bullfrog skeleton (D:4)
  An orc wizard (D:3)
  A worker ant (D:3)
  6 adders
  10 gnolls (D:3)
  An ooze (D:2)
  4 worms
  2 dart slugs (D:1)
  A leopard gecko (D:1)
  9 orcs
  2 ball pythons
  6 bats
  5 giant cockroaches
  5 goblins
  3 hobgoblins
  3 jackals
  3 frilled lizards
  5 kobolds
  16 rats
  A fungus (D:2)
90 creatures vanquished.

Notes
Turn   | Place    | Note
-------+----------+-------------------------------------------
     0 | D:1      | Amnesiac the Spriggan Berserker began the quest for the
                  | Orb.
     0 | D:1      | Reached XP level 1. HP: 11/11 MP: 2/2
    55 | D:1      | Reached skill level 1 in Stealth
   113 | D:1      | Reached XP level 2. HP: 10/16 MP: 3/3
   635 | D:1      | Reached skill level 4 in Short Blades
   921 | D:2      | Reached ** piety under Trog
  1014 | D:2      | Reached XP level 3. HP: 15/19 MP: 4/4
  1176 | D:2      | Found a faded altar of an unknown god.
  1517 | D:2      | Reached XP level 4. HP: 21/23 MP: 5/5
  1538 | D:2      | Found a stormy altar of Qazlal.
  2137 | D:2      | Found a runed door.
  2141 | D:2      | Noticed Crazy Yiuf
  2147 | D:2      | Killed Crazy Yiuf
  2147 | D:2      | Reached skill level 5 in Short Blades
  2227 | D:3      | Reached XP level 5. HP: 19/27 MP: 6/6
  2420 | D:3      | Reached skill level 6 in Short Blades
  2496 | D:3      | Reached skill level 5 in Stealth
  2577 | D:3      | Reached XP level 6. HP: 32/32 MP: 7/7
  2732 | D:3      | Noticed Grinder
  2748 | D:3      | Paralysed by Grinder for 3 turns
  2761 | D:3      | Killed Grinder
  2761 | D:3      | Reached *** piety under Trog
  2761 | D:3      | Reached skill level 7 in Short Blades
  3024 | D:3      | Reached XP level 7. HP: 20/35 MP: 8/8
  3356 | D:4      | Found Fonolib's Elemental Accessories.
  3808 | D:4      | Reached skill level 8 in Short Blades
  3822 | D:3      | Slain by an orc

Vault maps used:
D:1:      dpeg_arrival_windows_large_door, minmay_rat_gold_closets
D:2:      grunt_qazlal_clouds, chequers_ecumenical_altar_simple_redux,
          uniq_crazy_yiuf_cottage
D:3:      minmay_angry_zag, first_ration, uniq_grinder
D:4:      nicolae_elemental_shop, hangedman_decor_push, serial_bayou_ford_a,
          kennysheep_generic_room_16

Skill      XL: |  1  2  3  4  5  6  7 |
---------------+----------------------+-----
Stealth        | 1 2 3 4 5 6 7 |  7.0
Short Blades   | 4 5 6 7 8 |  8.0
Fighting       | |  2.4
Dodging        | |  4.4

Action                   |  1- 3 |  4- 6 |  7- 9 || total
-------------------------+-------+-------+-------++-------
Melee: Short sword       |   138 |   216 |    82 ||   436
Throw: Tomahawk          |       |       |    10 ||    10
       Throwing net      |       |       |     1 ||     1
Invok: Berserk           |     1 |     4 |       ||     5
  Use: Scroll            |       |     3 |       ||     3
       Potion            |       |     2 |       ||     2
 Stab: Sleeping          |     8 |     4 |       ||    12
  Eat: Ration            |       |     5 |       ||     5
Armor: Animal skin       |    10 |     3 |    13 ||    26
Dodge: Dodged            |   115 |   107 |    95 ||   317
Block: Other             |       |    24 |    19 ||    43

Table legend:
 A = Non-vault XP
 B = Vault XP
 C = Vault XP percentage of total XP
 D = Non-vault monster count
 E = Vault monster count
 F = Vault count percentage of total count
                 A         B        C        D         E       F
            +---------+---------+-------+---------+---------+-------
      Total |     612 |     366 |  37.4 |      70 |      19 |  21.3
            +---------+---------+-------+---------+---------+-------
        D:1 |      23 |      10 |  30.3 |      11 |      10 |  47.6
        D:2 |      84 |      41 |  32.8 |      19 |       1 |   5.0
        D:3 |     456 |     315 |  40.9 |      36 |       8 |  18.2
        D:4 |      49 |       0 |   0.0 |       4 |       0 |   0.0
            +---------+---------+-------+---------+---------+-------
